 Dungeon Crawl Stone Soup version 0.23.2-1-ga50397a (webtiles) character file.

Game seed: 10803799953282052166

63898 wilfster70 the Grappler (level 14, -1/129 HPs)
             Began as a Troll Monk on May 10, 2019.
             Was the Champion of Hepliaklqana.
             Killed by divine providence
             ... invoked by Saint Roka
              (8 damage)
             ... on level 2 of the Orcish Mines.
             The game lasted 01:06:02 (18824 turns).

wilfster70 the Grappler (Troll Monk)               Turns: 18824, Time: 01:06:02

Health: -1/129     AC: 12    Str: 22    XL:     14   Next: 69%
Magic:  0/20       EV: 14    Int: 10    God:    Hepliaklqana [******]
Gold:   2238       SH: 12    Dex: 12    Spells: 17/23 levels left

rFire    . . .     SeeInvis +     - Unarmed
rCold    + . .     Gourm    +   v - +1 shield {rPois}
rNeg     . . .     Faith    .   o - +0 troll leather armour
rPois    +         Spirit   +   r - +2 hat {SInv}
rElec    .         Reflect  .   C - +1 cloak
rCorr    .         Harm     .   (gloves unavailable)
MR       +++..                  (boots unavailable)
Stlth    +.........             K - amulet of guardian spirit
HPRegen  1.11/turn              d - ring of ice
MPRegen  0.17/turn              j - ring of protection from magic

@: no status effects
A: large, unfitting armour, reduced essence, claws 3, fire resistance 1, fast
metabolism 3, gourmand, magic resistance 1, regeneration 1, shaggy fur 1, tough
skin 3
a: Recall Ancestor, Ancestor Identity, Transference, Idealise, Renounce Religion


You were on level 2 of the Orcish Mines.
You worshipped Hepliaklqana.
Hepliaklqana was exalted by your worship.
You were completely stuffed.

You visited 3 branches of the dungeon, and saw 19 of its levels.
You also visited: Ossuary and Ice Cave.

You collected 2238 gold pieces.

Inventory:

Hand Weapons
 b - a +6 flail of draining
 y - the +9 shortbow of Foul Odors {velocity, *Corrode rC++}
   (You found it on level 5 of the Dungeon)

   Any arrow fired from it inflicts extra damage.
   It greatly protects you from cold.
   It may corrode you when you take damage.
Missiles
 f - 10 large rocks
 M - 4 throwing nets (quivered)
Armour
 o - a +0 troll leather armour (worn)
 r - a +2 hat of see invisible (worn)
 v - a +1 shield of poison resistance (worn)
 C - a +1 cloak (worn)
Jewellery
 d - a ring of ice (left claw)
 j - a ring of protection from magic (right claw)
 q - an uncursed ring of fire
 K - an amulet of guardian spirit (around neck)
 L - a +6 ring of protection
Wands
 e - a wand of polymorph (12)
 i - a wand of enslavement (21)
 w - a wand of disintegration (35)
 x - a wand of random effects (43)
 B - a wand of flame (14)
 H - a wand of digging (3)
Scrolls
 c - 9 scrolls of teleportation
 g - 4 scrolls of magic mapping
 h - 9 scrolls of remove curse
 s - 4 scrolls of fog
 t - 2 scrolls of fear
 A - 2 scrolls of identify
 G - 5 scrolls of immolation
 N - 2 scrolls of enchant weapon
Potions
 a - 3 potions of invisibility
 k - 6 potions of magic
 l - 4 potions of flight
 m - 3 potions of brilliance
 n - 4 potions of might
 p - 9 potions of curing
 z - 3 potions of cancellation
 D - 5 potions of agility
 E - a potion of haste
 F - 2 potions of berserk rage
Comestibles
 u - 39 rations
 I - 5 chunks of flesh


   Skills:
 + Level 10.8 Fighting
 - Level 10.0 Dodging
 - Level 1.0 Stealth
 - Level 9.0 Shields
 - Level 12.0 Unarmed Combat
 - Level 5.0 Spellcasting
 + Level 3.3 Summonings
 - Level 3.0 Translocations
 + Level 3.1 Air Magic
 - Level 6.0 Invocations
 + Level 1.0 Evocations


You had 17 spell levels left.
You knew the following spells:

 Your Spells              Type           Power        Failure   Level  Hunger
a - Summon Lightning Spi  Summ/Air       #.......     56%         4    ####...
g - Blink                 Tloc           N/A          12%         2    ##.....

Your spell library contained the following spells:

 Spells                   Type           Power        Failure   Level  Hunger
 Summon Small Mammal      Summ           #...         7%          1    None
 Call Imp                 Summ           #.......     10%         2    ##.....
 Call Canine Familiar     Summ           #.......     21%         3    ###....
 Recall                   Summ/Tloc      N/A          22%         3    ###....
 Animate Skeleton         Necr           N/A          26%         1    None
 Flame Tongue             Conj/Fire      #....        26%         1    None
 Magic Dart               Conj           #...         26%         1    None
 Pain                     Necr           #...         26%         1    None
 Slow                     Hex            #.......     36%         2    ##.....
 Throw Flame              Conj/Fire      #.....       36%         2    ##.....
 Summon Guardian Golem    Hex/Summ       #.......     36%         3    ###....
 Mephitic Cloud           Conj/Pois/Air  #.......     45%         3    ###....
 Conjure Flame            Conj/Fire      #.......     61%         3    ###....
 Inner Flame              Hex/Fire       #.......     61%         3    ###....
 Regeneration             Chrm/Necr      #.........   61%         3    ###....
 Vampiric Draining        Necr           #.........   61%         3    ###....
 Summon Ice Beast         Ice/Summ       #.......     78%         4    ####...
 Animate Dead             Necr           N/A          95%         4    ####...
 Sticky Flame             Conj/Fire      #.......     95%         4    ####...
 Bolt of Magma            Conj/Fire/Erth #.........   100%        5    ######.
 Borgnjor's Vile Clutch   Necr/Erth      #.........   100%        5    ######.
 Fireball                 Conj/Fire      #.........   100%        5    ######.
 Iskenderun's Battlesphe  Conj/Chrm      #.......     100%        5    ######.
 Venom Bolt               Conj/Pois      #.........   100%        5    ######.
 Death Channel            Necr           #.........   100%        6    #######
 Iron Shot                Conj/Erth      #.........   100%        6    #######
 Simulacrum               Ice/Necr       #.........   100%        6    #######
 Orb of Destruction       Conj           #.........   100%        7    #######
 Spellforged Servitor     Conj/Summ      #.........   100%        7    #######


Dungeon Overview and Level Annotations

Branches:
Dungeon (11/15) Temple (0/1) D:6 Lair (6/6) D:10 Swamp (0/4) Lair:4 Spider (0/4) Lair:2 Slime (0/5) Lair:5 Orc (2/2) D:11 Elf (0/3) Orc:1 Orc:2

Altars:
Ashenzari
Dithmenos
Fedhas
Hepliaklqana
Kikubaaqudgha
Makhleb
Nemelex Xobeh
Qazlal
Ru
Sif Muna
Trog
Uskayaw
Vehumet
Wu Jian
Xom
Zin

Shops:
D:6 (   D:10 (

Annotations:
D:3 1 runed translucent door
Lair:5 exclusion: 2 oklob plants
Orc:2 Saint Roka


Innate Abilities, Weirdness & Mutations

You are too large for most types of armour.
You have claws for hands.
Your metabolism is lightning-fast.
You like to eat raw meat.
Your natural rate of healing is unusually fast.
You are covered in fur. (AC +1)
You have extremely tough skin. (AC +3)
Your life essence is reduced to manifest your ancestor. (-10% HP)
Your flesh is heat resistant. (rF+)
You are resistant to hostile enchantments. (MR+)


Message History

You feel better.
Gerlad hits Saint Roka with a +0 dagger of draining.
Gerlad drains Saint Roka.
Saint Roka mumbles some strange prayers to Beogh against Gerlad.
Gerlad is smitten.
The orc priest misses you.
Gerlad hits Saint Roka with a +0 dagger of draining!
You block the orc priest's attack.
Gerlad barely misses Saint Roka.
There is a staircase to the Elven Halls here.
Saint Roka calls down the wrath of Beogh upon you.
Beogh smites you!
* * * LOW HITPOINT WARNING * * *
There is a stone staircase leading up, spattered with blood here.
The orc priest invokes the aid of Beogh against you.
Beogh smites you!
* * * LOW HITPOINT WARNING * * *
Saint Roka calls down the wrath of Beogh upon you.
Beogh smites you!
You die...

##.....# # .. ###.....## ####
#... ####......#####.##
.....####.#...............
.......#................#.
...........................
............(...............
......................)..[..
............@...^.#...[(.[... ..
......#.##..>....#####.[.[....
........#.#.#.oo.....##.#[[......
....#...#.....R.........[.(......
....#................[..[........
.............###.....[.....##...
..............#..........#####.
#[........###.........# #..
##........## ##.<...#.## #..


You could see the friendly Gerlad the hexer, Saint Roka and an orc priest.

Vanquished Creatures
  Gastronok (D:10)
  Snorg (Orc:2)
  2 hydras (Lair:4)
  3 two-headed ogres
  4 death yaks (Lair:6)
  Sonja (D:11)
  Pikel (D:4)
  An orc sorcerer (Orc:2)
  3 manticores (Lair:5)
  A cyclops (D:11)
  13 elephants
  2 centaur skeletons
  7 spiny frogs
  5 rime drakes
  7 komodo dragons
  7 freezing wraiths (IceCv)
  2 polar bears (Lair:6)
  A meliai (Lair:5)
  A troll (D:9)
  4 hornets (Lair:6)
  Grinder (D:3)
  2 slime creatures (Lair:5)
  2 bog bodies (Lair:4)
  A meliai zombie (D:11)
  9 hippogriffs
  8 blink frogs
  5 dream sheep (Lair:6)
  11 spriggans
  A wraith (D:11)
  3 basilisks
  49 yaks
  2 wyverns
  The ghost of Ethylacetat the Poker, an amateur DsGl (D:3)
  Eustachio (D:4)
  2 death yak simulacra (IceCv)
  Edmund (D:5)
  2 wargs (Orc:1)
  14 water moccasins
  8 porcupines
  A sky beast (D:10)
  7 black bears
  9 ice beasts
  A slave (D:4)
  A necrophage (D:10)
  11 orc warriors
  4 phantoms
  17 wolves
  3 boggarts (Lair:6)
  11 ogres
  11 centaurs
  6 crocodiles
  4 big kobolds
  12 bullfrogs
  A wyvern zombie (D:10)
  2 gnoll sergeants (D:7)
  A water moccasin zombie (D:11)
  4 scorpions
  25 killer bees
  An electric eel (Lair:5)
  9 wights
  2 centaur zombies
  8 crimson imps
  A howler monkey (D:5)
  A lava snake (Lair:5)
  A quasit (D:9)
  2 bullfrog zombies (D:11)
  5 hounds
  2 jellies
  5 bullfrog skeletons
  11 orc priests
  Terence (D:2)
  2 gnoll shamans (D:7)
  Crazy Yiuf (D:3)
  4 iguanas
  14 orc wizards
  7 worker ants
  A polar bear simulacrum (IceCv)
  A wolf simulacrum (IceCv)
  A killer bee zombie (D:8)
  A hound skeleton (D:8)
  2 mummies (Ossuary)
  2 worker ant zombies
  18 adders
  3 gnolls (D:7)
  A howler monkey skeleton (D:11)
  A river rat (D:3)
  5 shadow imps
  5 white imps (IceCv)
  2 oozes
  An adder zombie (Ossuary)
  2 adder skeletons
  2 worms (D:3)
  2 dart slugs
  7 leopard geckos
  48 orcs
  2 ball pythons (D:2)
  2 giant cockroaches
  8 goblins
  13 hobgoblins
  11 jackals (D:6)
  5 quokkas
  2 bats (D:2)
  6 frilled lizards
  4 goblin zombies (Ossuary)
  3 hobgoblin zombies (Ossuary)
  A jackal skeleton (D:5)
  A jackal zombie (D:6)
  24 kobolds
  2 kobold zombies (Ossuary)
  4 quokka zombies (Ossuary)
  10 rats
  4 rat zombies (Ossuary)
  A plant (Lair:5)
606 creatures vanquished.

Vanquished Creatures (collateral kills)
  Erolcha (Orc:1)
  A wolf spider (Lair:2)
  7 spiny frogs
  A komodo dragon (Lair:6)
  A meliai (Lair:5)
  2 polar bears (Lair:6)
  2 hornets (Lair:6)
  Prince Ribbit (D:6)
  A slime creature (Lair:5)
  4 blink frogs
  A hippogriff (Lair:5)
  3 spriggans (Lair:6)
  Sigmund (D:3)
  3 yaks
  2 wyverns (Lair:5)
  4 porcupines
  2 water moccasins (Lair:5)
  2 orc warriors (Orc:2)
  A sky beast (D:6)
  A black bear (Lair:2)
  An ice beast (D:11)
  An ogre (Orc:1)
  A wolf (Lair:6)
  2 centaurs
  2 crocodiles
  A bullfrog (Lair:1)
  2 killer bees
  An electric eel (Lair:5)
  A centaur zombie (D:7)
  3 hounds
  3 orc priests
  5 orc wizards
  A worker ant (D:4)
  A mummy (Ossuary)
  A howler monkey skeleton (D:8)
  4 adders
  2 gnolls (D:7)
  An adder skeleton (D:7)
  A dart slug (D:5)
  14 orcs
  2 hobgoblins (D:7)
  A frilled lizard (D:4)
  4 kobolds
  A fungus (Lair:1)
  A plant (Lair:5)
98 creatures vanquished.

Vanquished Creatures (others)
  A human (D:9)
  15 hexers
  An orc (D:4)
  4 fungi
  3 plants
24 creatures vanquished.

Grand Total: 728 creatures vanquished

Notes
Turn   | Place    | Note
-------+----------+-------------------------------------------
     0 | D:1      | wilfster70 the Troll Monk began the quest for the Orb.
     0 | D:1      | Reached XP level 1. HP: 22/22 MP: 0/0
   113 | D:1      | Reached XP level 2. HP: 28/29 MP: 1/1
   710 | D:2      | Found a hide-covered altar of Uskayaw.
   778 | D:2      | Reached XP level 3. HP: 36/36 MP: 2/2
   926 | D:2      | Noticed Terence
   936 | D:2      | Killed Terence
   936 | D:2      | Reached skill level 4 in Unarmed Combat
   936 | D:2      | Reached XP level 4. HP: 43/44 MP: 1/3
  1378 | D:2      | Found a deep blue altar of Sif Muna.
  1405 | D:3      | Found a shadowy altar of Dithmenos.
  1494 | D:3      | Reached XP level 5. HP: 53/53 MP: 4/4
  1553 | D:3      | Found a runed translucent door.
  1556 | D:3      | Noticed Ethylacetat's ghost (amateur DsGl)
  1640 | D:3      | Killed Ethylacetat's ghost
  1640 | D:3      | Reached skill level 5 in Unarmed Combat
  1640 | D:3      | Reached XP level 6. HP: 61/61 MP: 5/5
  1654 | D:3      | Found a runed translucent door.
  1791 | D:3      | Found a hazy altar of Hepliaklqana.
  1804 | D:3      | Became a worshipper of Hepliaklqana the Forgotten
  1804 | D:3      | Reached * piety under Hepliaklqana
  1804 | D:3      | Reached ** piety under Hepliaklqana
  1805 | D:3      | Remembered your ancestor Gerlad as a hexer
  1927 | D:3      | Found a stormy altar of Qazlal.
  2022 | D:3      | Found a blossoming altar of Fedhas.
  2102 | D:3      | Noticed Sigmund
  2106 | D:3      | Noticed Grinder
  2118 | D:3      | Paralysed by Grinder for 6 turns
  2134 | D:3      | Killed Grinder
  2134 | D:3      | Reached skill level 1 in Invocations
  2252 | D:3      | Killed Sigmund
  2252 | D:3      | Reached skill level 6 in Unarmed Combat
  2252 | D:3      | Reached XP level 7. HP: 53/63 MP: 4/7
  2488 | D:3      | Found a runed translucent door.
  2489 | D:3      | Noticed Crazy Yiuf
  2494 | D:3      | Killed Crazy Yiuf
  2756 | D:4      | Noticed Pikel
  2776 | D:4      | Killed Pikel
  2776 | D:4      | Reached skill level 7 in Unarmed Combat
  2776 | D:4      | Reached XP level 8. HP: 23/71 MP: 2/9
  3051 | D:4      | Noticed Eustachio
  3060 | D:4      | Killed Eustachio
  3502 | D:5      | Entered Level 5 of the Dungeon
  3502 | D:5      | Found a sand-covered staircase.
  3519 | D:4      | Reached skill level 8 in Unarmed Combat
  3546 | D:4      | Reached skill level 5 in Fighting
  3579 | D:5      | Reached skill level 5 in Dodging
  3603 | Ossuary  | Entered an ossuary
  3786 | D:5      | Found a shattered altar of Ashenzari.
  3868 | D:5      | Noticed Edmund
  3881 | D:5      | Killed Edmund
  3881 | D:5      | Reached XP level 9. HP: 76/79 MP: 10/10
  3892 | D:5      | Reached *** piety under Hepliaklqana
  4026 | D:5      | Got a bloodstained shortbow
  4635 | D:6      | Noticed Prince Ribbit
  4645 | D:6      | Killed Prince Ribbit
  4684 | D:6      | Reached skill level 9 in Unarmed Combat
  4738 | D:6      | Found Eceuduev's Weapon Emporium.
  4752 | D:6      | Found a bloodstained altar of Trog.
  4752 | D:6      | Found a glowing silver altar of Zin.
  4818 | D:6      | Found a burning altar of Makhleb.
  4818 | D:6      | Found a radiant altar of Vehumet.
  5158 | D:6      | Found a staircase to the Ecumenical Temple.
  5464 | D:7      | Reached **** piety under Hepliaklqana
  5586 | D:7      | Reached skill level 5 in Invocations
  5696 | D:7      | Reached XP level 10. HP: 64/88 MP: 8/12
  5792 | D:7      | Reached skill level 10 in Unarmed Combat
  6493 | D:8      | Found a shimmering altar of Xom.
  6558 | D:8      | Found an ornate altar of the Wu Jian Council.
  6643 | D:8      | Found a sacrificial altar of Ru.
  7012 | D:8      | Found a sparkling altar of Nemelex Xobeh.
  7444 | D:9      | Reached skill level 1 in Spellcasting
  7533 | D:9      | Reached ***** piety under Hepliaklqana
  7723 | D:9      | Noticed a two-headed ogre
  7783 | D:9      | Killed a two-headed ogre
  7783 | D:9      | Reached XP level 11. HP: 98/98 MP: 14/14
  7913 | D:9      | Found an ancient bone altar of Kikubaaqudgha.
  8199 | D:10     | Entered Level 10 of the Dungeon
  8299 | D:10     | Noticed a two-headed ogre
  8321 | D:10     | Killed a two-headed ogre
  8329 | D:10     | Learned a level 2 spell: Blink
  8466 | D:10     | Found a staircase to the Lair.
  8490 | D:10     | Gained mutation: You are resistant to hostile enchantments.
                  | (MR+) [potion of mutation]
  8490 | D:10     | Gained mutation: Your flesh is heat resistant. (rF+)
                  | [potion of mutation]
  8540 | D:10     | Found Soogil's Weapon Boutique.
  8564 | D:10     | Found a burning altar of Makhleb.
  8649 | D:10     | Noticed Gastronok
  8667 | D:10     | Killed Gastronok
  9051 | D:11     | Found a staircase to the Orcish Mines.
  9084 | D:11     | Noticed Sonja
  9110 | D:11     | Noticed a two-headed ogre
  9118 | D:11     | Killed a two-headed ogre
  9295 | D:11     | Killed Sonja
  9295 | D:11     | Reached XP level 12. HP: 95/110 MP: 15/17
 10117 | Lair:1   | Entered Level 1 of the Lair of Beasts
 10319 | Lair:1   | Identified the +9 shortbow of Foul Odors {velocity,
                  | *Corrode rC++} (You found it on level 5 of the Dungeon)
 11183 | Lair:1   | Reached skill level 1 in Translocations
 11432 | Lair:2   | Reached skill level 5 in Spellcasting
 11708 | Lair:2   | Found a hole to the Spider Nest.
 11877 | Lair:2   | Reached ****** piety under Hepliaklqana
 12277 | Lair:3   | Reached skill level 10 in Fighting
 12294 | Lair:3   | Learned a level 4 spell: Summon Lightning Spire
 12412 | Lair:3   | Reached skill level 10 in Dodging
 12444 | Lair:3   | Reached skill level 1 in Summonings
 12527 | Lair:3   | Reached skill level 1 in Air Magic
 13029 | Lair:4   | Found a frozen archway.
 13053 | Lair:4   | Identified a scroll of acquirement
 13063 | IceCv    | Entered an ice cave
 13128 | IceCv    | Reached XP level 13. HP: 119/119 MP: 19/19
 13184 | IceCv    | Reached skill level 1 in Shields
 13496 | IceCv    | Found an ancient bone altar of Kikubaaqudgha.
 13650 | Lair:4   | Found a staircase to the Swamp.
 13671 | Lair:4   | HP: 5/121 [elephant (13)]
 14912 | Lair:5   | Reached skill level 5 in Shields
 15125 | Lair:5   | Found a staircase to the Slime Pits.
 15482 | Lair:5   | Reached skill level 11 in Unarmed Combat
 15895 | Lair:6   | Entered Level 6 of the Lair of Beasts
 15977 | Lair:6   | Reached XP level 14. HP: 78/129 MP: 10/20
 16851 | Lair:6   | Paralysed by a hornet for 2 turns
 16934 | Lair:6   | Reached skill level 12 in Unarmed Combat
 17942 | Orc:1    | Entered Level 1 of the Orcish Mines
 18139 | Orc:1    | Noticed Erolcha
 18148 | Orc:1    | Killed Erolcha
 18279 | Orc:2    | Entered Level 2 of the Orcish Mines
 18299 | Orc:2    | Noticed Snorg
 18310 | Orc:2    | Killed Snorg
 18419 | Orc:2    | Found a staircase to the Elven Halls.
 18649 | Orc:2    | Noticed Saint Roka
 18798 | Orc:1    | Reached skill level 1 in Evocations
 18824 | Orc:2    | Killed from afar by Saint Roka

Skill      XL: |  1  2  3  4  5  6  7  8  9 10 11 12 13 14 |
---------------+-------------------------------------------+-----
Unarmed Combat | 4 5 6 7 8 9 10 11 12 | 12.0
Fighting       | 3 4 5 6 7 9 10 | 10.8
Dodging        | 3 4 5 7 8 10 | 10.0
Invocations    | 1 3 5 6 |  6.0
Spellcasting   | 2 4 5 |  5.0
Translocations | 3 |  3.0
Summonings     | 1 2 3 |  3.3
Air Magic      | 1 2 3 |  3.1
Shields        | 7 9 |  9.0
Evocations     | 1 |  1.0
Stealth        | |  1.0

Action                   |  1- 3 |  4- 6 |  7- 9 | 10-12 | 13-15 || total
-------------------------+-------+-------+-------+-------+-------++-------
Melee: Unarmed           |    72 |   122 |   358 |   813 |   964 ||  2329
       Punch             |       |     2 |    10 |    36 |       ||    48
       Flail             |       |       |       |       |    25 ||    25
 Cast: Blink             |       |       |       |     1 |       ||     1
Invok: Ancestor Life: He |       |     1 |       |       |       ||     1
       Ancestor Identity |       |     1 |       |       |       ||     1
       Idealise          |       |       |       |     2 |     1 ||     3
       Recall Ancestor   |       |       |       |       |     1 ||     1
 Abil: Evoke Berserk Rag |       |     1 |       |       |       ||     1
Evoke: Wand              |       |       |       |     1 |       ||     1
  Use: Scroll            |       |     4 |    14 |     8 |     4 ||    30
       Potion            |       |       |     1 |     7 |     6 ||    14
 Stab: Sleeping          |     1 |     1 |     4 |     4 |       ||    10
       Distracted        |       |       |     2 |     2 |    12 ||    16
       Confused          |       |       |     1 |     5 |    11 ||    17
  Eat: Chunk             |    14 |    12 |    33 |    68 |    53 ||   180
Armor: Robe              |    20 |    39 |    97 |   128 |       ||   284
       Troll leather arm |       |       |       |   250 |   299 ||   549
       Skin              |       |       |       |       |   209 ||   209
Dodge: Dodged            |    38 |    52 |   172 |   506 |   482 ||  1250
Block: Shield            |       |       |       |     6 |   694 ||   700
